 Dungeon Crawl Stone Soup version 0.21.0-37-g46506fa (webtiles) character file.

42 MrLeft the Caller (level 3, -2/26 HPs)
             Began as a Demigod Summoner on Jan 31, 2018.
             Slain by MrLeft's ghost (4 damage)
             ... on level 3 of the Dungeon.
             The game lasted 00:12:53 (2069 turns).

MrLeft the Caller (Demigod Summoner)                Turns: 2069, Time: 00:12:54

Health: -2/26      AC:  3    Str: 11    XL:     3   Next: 19%
Magic:  9/9        EV: 13    Int: 21    God:
Gold:   36         SH:  0    Dex: 16    Spells: 1/6 levels left

rFire    . . .     SeeInvis +   o - +1 short sword (venom)
rCold    . . .     Gourm    .   (no shield)
rNeg     . . .     Faith    .   a - +1 robe
rPois    .         Spirit   .   (no helmet)
rElec    .         Reflect  .   (no cloak)
rCorr    .         Harm     .   (no gloves)
MR       .....                  (no boots)
Stlth    ++........             (no amulet)
HPRegen  0.08/turn              d - ring of see invisible
MPRegen  0.11/turn              (no ring)

@: no status effects
A: high mp 1
a: no special abilities


You were on level 3 of the Dungeon.
You were not hungry.

You visited 1 branch of the dungeon, and saw 3 of its levels.

You collected 36 gold pieces.

Inventory:

Hand Weapons
 e - a +0 whip
 g - a +3 hunting sling
 h - a +0 spear
 k - a +0 hunting sling
 o - a +1 short sword of venom (weapon)
Missiles
 j - 34 stones (quivered)
Armour
 a - a +1 robe (worn)
Jewellery
 d - a ring of see invisible (left hand)
Wands
 i - a wand of enslavement (11)
Scrolls
 l - a scroll of amnesia
 m - a scroll of teleportation {unknown}
Potions
 f - a potion of agility {unknown}
Books
 b - a book of Callings

   Spells                             Type                      Level
   a - Summon Small Mammal            Summoning                    1
   b - Call Imp                       Summoning                    2
   c - Call Canine Familiar           Summoning                    3
   d - Summon Guardian Golem          Hexes/Summoning              3
   e - Summon Lightning Spire         Summoning/Air                4
   f - Summon Ice Beast               Ice/Summoning                4
Comestibles
 c - a ration


   Skills:
 + Level 0.4 Short Blades
 + Level 2.0 Dodging
 + Level 1.9 Stealth
 + Level 2.3 Spellcasting
 + Level 4.1 Summonings


You had one spell level left.
You knew the following spells:

 Your Spells              Type           Power        Failure   Level  Hunger
a - Call Canine Familiar  Summ           ###.....     8%          3    ###....
b - Call Imp              Summ           ###.....     4%          2    ##.....


Dungeon Overview and Level Annotations

Branches:
Dungeon (3/15)

Annotations:
D:3 MrLeft's ghost, weakling DgSu


Innate Abilities, Weirdness & Mutations

You have an increased reservoir of magic. (+10% MP)


Message History

The rat bites you but does no damage.
MrLeft's ghost gestures wildly while chanting.
The river rat barely misses you.
You hit MrLeft's ghost but do no damage.
MrLeft's ghost is lightly damaged.
The quokka barely misses you. The adder bites you but does no damage.
The river rat closely misses you. The rat barely misses you.
MrLeft's ghost hits you.
You hit MrLeft's ghost.
MrLeft's ghost is moderately damaged.
The adder bites you. The quokka closely misses you. The rat closely misses you.
MrLeft's ghost hits you. The river rat bites you.
* * * LOW HITPOINT WARNING * * *
The adder barely misses you. The quokka completely misses you.
You hit MrLeft's ghost.
MrLeft's ghost is moderately damaged.
The adder bites you.
* * * LOW HITPOINT WARNING * * *
The quokka closely misses you. MrLeft's ghost hits you.
You die...

#....#
#..w.#
#....#
#....#
##....#
###....b#
#.....rW#
#.Kr@#
####..Sr#
#......o#
..###...#
. .....##
#..###.
.. #. .
#. ..


You could see a worm, MrLeft's ghost, an adder, a river rat, an orc, a quokka, a
bat, a kobold and a rat.

Vanquished Creatures
  A worm (D:2)
  A dart slug (D:2)
  A bat (D:1)
  A goblin (D:1)
  A hobgoblin (D:2)
  A kobold (D:1)
6 creatures vanquished.

Vanquished Creatures (collateral kills)
  An ooze (D:1)
  3 worms (D:2)
  A dart slug (D:2)
  2 leopard geckos (D:1)
  4 bats
  4 giant cockroaches
  2 goblins
  3 hobgoblins
  A quokka (D:2)
  2 frilled lizards (D:1)
  6 kobolds
  5 rats (D:1)
34 creatures vanquished.

Grand Total: 40 creatures vanquished

Notes
Turn   | Place    | Note
-------+----------+-------------------------------------------
     0 | D:1      | MrLeft the Demigod Summoner began the quest for the Orb.
     0 | D:1      | Reached XP level 1. HP: 14/14 MP: 5/5
   390 | D:1      | Reached skill level 4 in Summonings
   594 | D:2      | Reached XP level 2. HP: 16/20 MP: 1/7
   724 | D:1      | Learned a level 2 spell: Call Imp
  1336 | D:2      | Found a glowing golden altar of the Shining One.
  1776 | D:2      | Reached XP level 3. HP: 26/26 MP: 0/8
  1785 | D:2      | Learned a level 3 spell: Call Canine Familiar
  2007 | D:2      | Found a glowing silver altar of Zin.
  2060 | D:3      | Noticed MrLeft's ghost (weakling DgSu)
  2069 | D:3      | Slain by MrLeft's ghost

Skill      XL: |  1  2 |
---------------+-------+-----
Summonings     | 4 |  4.1
Spellcasting   | 2 |  2.3
Dodging        | 2 |  2.0
Short Blades   | |  0.4
Stealth        | |  1.9

Action                   || total
-------------------------++-------
Melee: Short sword       ||    17
       Unarmed           ||     2
 Fire: Hunting sling     ||     5
 Cast: Summon Small Mamm ||    30
       Call Imp          ||    29
       Call Canine Famil ||     2
  Use: Scroll            ||     6
       Potion            ||     2
 Stab: Sleeping          ||     2
  Eat: Ration            ||     2
       Chunk             ||     2
Armor: Robe              ||    24
Dodge: Dodged            ||    73
